[Event "Hungarian Rapid-ch 2022"]
[Site "Ajka"]
[Date "2022.07.17"]
[Round "11.6"]
[White "Horvath, Csaba"]
[Black "Czebe, Attila"]
[Result "1/2-1/2"]
[ECO "A41"]
[WhiteElo "2506"]
[BlackElo "2385"]
[Annotator "ChessBase"]
[PlyCount "95"]
[EventDate "2022.07.15"]
[EventType "swiss"]
[EventCountry "HUN"]
[SourceTitle "playchess.com"]
[Source "ChessBase"]
[SourceQuality "1"]
[TimeControl "900+10"]

1. d4 d6 2. Nf3 g6 3. b3 Bg7 4. Bb2 Nf6 5. g3 O-O 6. Bg2 e5 7. dxe5 Ng4 8. Nc3 Nxe5 9. Nxe5 Bxe5 10. Qd2 c6 11. O-O-O d5 12. e4 d4 13. Na4 Na6 14. Bxd4 Bxd4 15. Qxd4 Qe7 16. Qd6 Qg5+ 17. Kb1 Bg4 18. f3 Rad8 19. Qf4 Qxf4 20. gxf4 Bc8 21. Nc3 Nc7 22. Ne2 Ne6 23. c3 Ng7 24. Kc2 Nh5 25. Rxd8 Rxd8 26. Rd1 Rxd1 27. Kxd1 b6 28. Kd2 Ba6 29. c4 b5 30. Kc3 bxc4 31. bxc4 c5 32. Bh3 Kf8 33. Bg4 Ng7 34. Nc1 f5 35. Bh3 Ke7 36. Nd3 Kd6 37. Ne5 Bb7 38. Kd3 Ne6 39. Ke3 Nd4 40. Bf1 Nc2+ 41. Kd2 Nd4 42. Bg2 Bc8 43. Ke3 Be6 44. Bf1 Nc2+ 45. Kd2 Nd4 46. Bd3 Nc6 47. Nxc6 Kxc6 48. Ke1 1/2-1/2

[Event "Hungarian Rapid-ch 2022"]
[Site "Ajka"]
[Date "2022.07.17"]
[Round "11.7"]
[White "Bagi, Mate"]
[Black "Antal, Gergely"]
[Result "1/2-1/2"]
[ECO "B10"]
[WhiteElo "2460"]
[BlackElo "2571"]
[Annotator "ChessBase"]
[PlyCount "66"]
[EventDate "2022.07.15"]
[EventType "swiss"]
[EventCountry "HUN"]
[SourceTitle "playchess.com"]
[Source "ChessBase"]
[SourceQuality "1"]
[TimeControl "900+10"]

1. e4 c6 2. Nf3 d5 3. Nc3 dxe4 4. Nxe4 Nf6 5. Qe2 Nxe4 6. Qxe4 Nd7 7. Bc4 Nf6 8. Ne5 e6 9. Qe2 b5 10. Bb3 Qc7 11. O-O Bd6 12. d4 O-O 13. Bf4 a5 14. c3 Nd5 15. Bg3 a4 16. Bxd5 exd5 17. Nd3 Bf5 18. Nc5 Rfe8 19. Qd2 Bxg3 20. hxg3 a3 21. Rfe1 axb2 22. Qxb2 h5 23. Qd2 Bg6 24. Rxe8+ Rxe8 25. a4 bxa4 26. Rxa4 Qb6 27. Ra1 Qb5 28. Re1 Ra8 29. Qe2 Qa5 30. Qf3 Qc7 31. Qf4 Qa5 32. Qf3 Qc7 33. Qf4 Qa5 1/2-1/2

[Event "Hungarian Rapid-ch 2022"]
[Site "Ajka"]
[Date "2022.07.17"]
[Round "11.8"]
[White "Korpa, Bence"]
[Black "Varga, Zoltan"]
[Result "1/2-1/2"]
[ECO "D00"]
[WhiteElo "2537"]
[BlackElo "2401"]
[Annotator "ChessBase"]
[PlyCount "99"]
[EventDate "2022.07.15"]
[EventType "swiss"]
[EventCountry "HUN"]
[SourceTitle "playchess.com"]
[Source "ChessBase"]
[SourceQuality "1"]
[TimeControl "900+10"]

1. d4 d5 2. Nc3 Bf5 3. f3 Nf6 4. g4 Bc8 5. Bf4 e6 6. Nb5 Na6 7. e3 c6 8. Nc3 Qb6 9. a3 c5 10. Nb5 Bd7 11. a4 c4 12. c3 Bxb5 13. axb5 Qxb5 14. Qa4 Qxa4 15. Rxa4 Kd7 16. b3 cxb3 17. Bb5+ Kd8 18. Bxa6 bxa6 19. Kd2 Nd7 20. Nh3 Nb6 21. Rxa6 Kc8 22. Ke2 Nc4 23. Rb1 Kb7 24. Ra4 f6 25. Rxb3+ Nb6 26. c4 Kc6 27. Ra6 Kb7 28. Ra4 Kc6 29. cxd5+ exd5 30. Ra5 Be7 31. e4 Rhc8 32. Rc3+ Kb7 33. Rxc8 Rxc8 34. Ra2 Bb4 35. Nf2 Bc3 36. Be3 a5 37. Nd3 dxe4 38. Nc5+ Kc6 39. Nxe4 Bb4 40. Nc5 g6 41. Ne6 Kb5 42. g5 fxg5 43. Kd3 g4 44. Ke4 Rc4 45. Nf4 Na4 46. Nd5 Nc5+ 47. Kf4 Ne6+ 48. Ke4 Nc5+ 49. Kf4 Ne6+ 50. Ke4 1/2-1/2

[Event "Hungarian Rapid-ch 2022"]
[Site "Ajka"]
[Date "2022.07.17"]
[Round "11.9"]
[White "Kantor, Gergely"]
[Black "Jakab, Attila"]
[Result "1-0"]
[ECO "D35"]
[WhiteElo "2582"]
[BlackElo "2311"]
[Annotator "ChessBase"]
[PlyCount "69"]
[EventDate "2022.07.15"]
[EventType "swiss"]
[EventCountry "HUN"]
[SourceTitle "playchess.com"]
[Source "ChessBase"]
[SourceQuality "1"]
[TimeControl "900+10"]

1. d4 d5 2. c4 e6 3. Nc3 Nf6 4. cxd5 exd5 5. Bg5 c6 6. e3 Nbd7 7. Bd3 Bd6 8. Nge2 Nf8 9. Qc2 Ng6 10. Ng3 h6 11. Bxf6 Qxf6 12. Nh5 Qg5 13. Nxg7+ Kf8 14. Nf5 Bxf5 15. Bxf5 Qxg2 16. O-O-O Nh4 17. h3 Qf3 18. Bg4 Qf6 19. e4 h5 20. Be2 Qxf2 21. e5 Bb4 22. Rhf1 Qe3+ 23. Kb1 Re8 24. Bd3 Rh6 25. Qb3 a5 26. a3 Nf3 27. Nxd5 Nxd4 28. Nxe3 Nxb3 29. axb4 Rxe5 30. Nc4 Rd5 31. Nxa5 Nxa5 32. bxa5 Rhd6 33. Be2 Ke7 34. Rxd5 Rxd5 35. Bc4 1-0

[Event "Hungarian Rapid-ch 2022"]
[Site "Ajka"]
[Date "2022.07.17"]
[Round "11.10"]
[White "Mihok, Oliver"]
[Black "Krstulovic, Alex"]
[Result "1-0"]
[ECO "B12"]
[WhiteElo "2549"]
[BlackElo "2413"]
[Annotator "ChessBase"]
[PlyCount "71"]
[EventDate "2022.07.15"]
[EventType "swiss"]
[EventCountry "HUN"]
[SourceTitle "playchess.com"]
[Source "ChessBase"]
[SourceQuality "1"]
[TimeControl "900+10"]

1. e4 c6 2. d4 Na6 3. Nc3 Nc7 4. Nf3 d5 5. h3 dxe4 6. Nxe4 Nf6 7. Bd3 Ncd5 8. O-O Nxe4 9. Bxe4 g6 10. Re1 Bg7 11. Bg5 Nf6 12. Bd3 O-O 13. Qd2 Be6 14. c4 b5 15. b3 bxc4 16. bxc4 Bf5 17. Bxf5 gxf5 18. Qf4 e6 19. Qh4 h6 20. Bxh6 Ne4 21. Qh5 f6 22. Rab1 Rf7 23. Qg6 Qa5 24. Rb2 Rd8 25. Reb1 Qc7 26. Rb3 Kh8 27. Bf4 Qd7 28. Nh4 Bf8 29. d5 cxd5 30. cxd5 e5 31. Be3 Rg7 32. Qxf5 Qxd5 33. Rb8 Rxb8 34. Rxb8 Kg8 35. Ng6 Qd1+ 36. Kh2 1-0

[Event "Hungarian Rapid-ch 2022"]
[Site "Ajka"]
[Date "2022.07.17"]
[Round "11.11"]
[White "Vertetics, Attila"]
[Black "Kovacs, Klara"]
[Result "1/2-1/2"]
[ECO "E10"]
[WhiteElo "2465"]
[BlackElo "2098"]
[Annotator "ChessBase"]
[PlyCount "87"]
[EventDate "2022.07.15"]
[EventType "swiss"]
[EventCountry "HUN"]
[SourceTitle "playchess.com"]
[Source "ChessBase"]
[SourceQuality "1"]
[TimeControl "900+10"]

1. d4 Nf6 2. c4 e6 3. Nf3 d5 4. e3 Be7 5. Nc3 O-O 6. Bd3 dxc4 7. Bxc4 c5 8. O-O cxd4 9. Nxd4 e5 10. Nb3 Qc7 11. Qe2 e4 12. Nb5 Qe5 13. f4 exf3 14. Qxf3 a6 15. N5d4 Bd6 16. Qf4 Qe7 17. Qh4 b5 18. Bd3 Re8 19. Nf5 Bxf5 20. Bxf5 Nc6 21. e4 Qa7+ 22. Kh1 Ne7 23. Bf4 Nxf5 24. exf5 Re4 25. Rad1 Be5 26. Rde1 Rxe1 27. Qxe1 Bxf4 28. Rxf4 Re8 29. Qd2 Qd7 30. h3 Qc7 31. Kg1 h6 32. Rd4 Qe5 33. Qf4 Qe1+ 34. Qf1 Qe3+ 35. Qf2 Qg5 36. Qf4 Qh5 37. Rd2 Ne4 38. Rd4 Qe2 39. Nd2 Qe1+ 40. Nf1 h5 41. Qe3 Qb1 42. Qd3 Qe1 43. Qe3 Qb1 44. Qd3 1/2-1/2

[Event "Hungarian Rapid-ch 2022"]
[Site "Ajka"]
[Date "2022.07.17"]
[Round "11.12"]
[White "Horvath, Adam"]
[Black "Leviczky, Tibor"]
[Result "1-0"]
[ECO "B42"]
[WhiteElo "2520"]
[BlackElo "2281"]
[Annotator "ChessBase"]
[PlyCount "75"]
[EventDate "2022.07.15"]
[EventType "swiss"]
[EventCountry "HUN"]
[SourceTitle "playchess.com"]
[Source "ChessBase"]
[SourceQuality "1"]
[TimeControl "900+10"]

1. e4 c5 2. Nf3 e6 3. d4 cxd4 4. Nxd4 a6 5. Bd3 Nf6 6. O-O Qc7 7. Qe2 d6 8. c4 Nbd7 9. Nc3 Be7 10. Kh1 O-O 11. f4 b6 12. Bd2 Bb7 13. Rae1 Rfd8 14. Nf3 Nc5 15. Bc2 g6 16. b4 Ncd7 17. Bb3 Re8 18. Ng5 Bf8 19. a3 Bg7 20. Qf2 h6 21. Nf3 Rad8 22. h3 Nh5 23. Rc1 Qb8 24. Nh2 Nhf6 25. Rce1 Qc7 26. Re2 Ba8 27. Qh4 Qb8 28. Nf3 b5 29. cxb5 axb5 30. Nd4 d5 31. e5 Ne4 32. Ncxb5 Nxd2 33. Rxd2 g5 34. fxg5 hxg5 35. Qh5 Nxe5 36. Bc2 f5 37. Qxg5 Rf8 38. Nxe6 1-0

[Event "Hungarian Rapid-ch 2022"]
[Site "Ajka"]
[Date "2022.07.17"]
[Round "11.13"]
[White "Tolnai, Tibor"]
[Black "Lazarne Vajda, Szidonia"]
[Result "1-0"]
[ECO "C50"]
[WhiteElo "2433"]
[BlackElo "2313"]
[Annotator "ChessBase"]
[PlyCount "45"]
[EventDate "2022.07.15"]
[EventType "swiss"]
[EventCountry "HUN"]
[SourceTitle "playchess.com"]
[Source "ChessBase"]
[SourceQuality "1"]
[TimeControl "900+10"]

1. e4 e5 2. Bc4 Nf6 3. d3 Bc5 4. Nf3 Nc6 5. c3 a6 6. Bb3 O-O 7. Bg5 h6 8. Bh4 Be7 9. Nbd2 d6 10. Nf1 Be6 11. Ne3 Nh5 12. Bg3 Nxg3 13. hxg3 Bg5 14. Bxe6 fxe6 15. Qb3 Qd7 16. Nxg5 hxg5 17. Qd1 Qf7 18. Qe2 Qg6 19. Qg4 Rf6 20. Rh5 Qf7 21. Qh3 Rh6 22. Rxh6 gxh6 23. Qxh6 1-0

[Event "Hungarian Rapid-ch 2022"]
[Site "Ajka"]
[Date "2022.07.17"]
[Round "11.14"]
[White "Balint, Vilmos"]
[Black "Csiszar, Csaba"]
[Result "0-1"]
[ECO "B32"]
[WhiteElo "2283"]
[BlackElo "2389"]
[Annotator "ChessBase"]
[PlyCount "70"]
[EventDate "2022.07.15"]
[EventType "swiss"]
[EventCountry "HUN"]
[SourceTitle "playchess.com"]
[Source "ChessBase"]
[SourceQuality "1"]
[TimeControl "900+10"]

1. e4 c5 2. Nf3 Nc6 3. d4 cxd4 4. Nxd4 e5 5. Nb5 d6 6. c4 Be7 7. Bd3 Nf6 8. O-O O-O 9. h3 Be6 10. Be3 Ne8 11. Nd2 Bg5 12. Rc1 Bxe3 13. fxe3 a6 14. Nc3 Qb6 15. Rf3 Qxb2 16. Nd5 Qa3 17. Nb3 Bxd5 18. exd5 Na5 19. Rb1 Qxa2 20. Nxa5 Qxa5 21. Rxb7 Rc8 22. Qb1 Nf6 23. Rxf6 gxf6 24. Qf1 Kg7 25. Kh2 e4 26. Bxe4 Qc3 27. Re7 Qxe3 28. Qf5 Qh6 29. Qd7 Qf4+ 30. g3 Qd2+ 31. Bg2 Rxc4 32. Qf5 Rc2 33. Qg4+ Kh8 34. Qf3 Qf2 35. Qe4 f5 0-1

[Event "Hungarian Rapid-ch 2022"]
[Site "Ajka"]
[Date "2022.07.17"]
[Round "11.15"]
[White "Papp, Levente"]
[Black "Reviczki, Roland"]
[Result "1-0"]
[ECO "A15"]
[WhiteElo "2394"]
[BlackElo "2160"]
[Annotator "ChessBase"]
[PlyCount "93"]
[EventDate "2022.07.15"]
[EventType "swiss"]
[EventCountry "HUN"]
[SourceTitle "playchess.com"]
[Source "ChessBase"]
[SourceQuality "1"]
[TimeControl "900+10"]

1. c4 Nf6 2. g3 g6 3. Bg2 Bg7 4. Nc3 O-O 5. e4 d6 6. Nge2 c5 7. O-O Nc6 8. d3 a6 9. Rb1 Rb8 10. a3 b5 11. cxb5 axb5 12. b4 cxb4 13. axb4 Bg4 14. f3 Be6 15. d4 Bc4 16. Be3 e5 17. d5 Ne7 18. Ra1 Ra8 19. Rxa8 Qxa8 20. Qa1 Qb7 21. Qb2 Nd7 22. Ra1 Ra8 23. Ra3 Nb6 24. Qa1 Rxa3 25. Qxa3 Bxe2 26. Nxe2 Nc4 27. Qa7 Qxa7 28. Bxa7 Bh6 29. f4 exf4 30. gxf4 f5 31. e5 dxe5 32. Bc5 Nc8 33. fxe5 Nxe5 34. Nc3 Nd7 35. d6 Kf7 36. Bc6 Ncb6 37. Kf2 Ne5 38. Bxb5 Nbd7 39. Nd5 Bg5 40. Ke2 Bd8 41. Ba4 g5 42. Bb3 Kg7 43. Bd4 Kh6 44. b5 f4 45. Ne7 Kh5 46. Nc6 Nf7 47. Bxf7+ 1-0

[Event "Hungarian Rapid-ch 2022"]
[Site "Ajka"]
[Date "2022.07.17"]
[Round "11.16"]
[White "Margl, Roland"]
[Black "Hoang, Thanh Trang"]
[Result "0-1"]
[ECO "A04"]
[WhiteElo "2312"]
[BlackElo "2376"]
[Annotator "ChessBase"]
[PlyCount "66"]
[EventDate "2022.07.15"]
[EventType "swiss"]
[EventCountry "HUN"]
[SourceTitle "playchess.com"]
[Source "ChessBase"]
[SourceQuality "1"]
[TimeControl "900+10"]

1. Nf3 f5 2. d4 Nf6 3. g3 e6 4. Bg2 d5 5. O-O Bd6 6. c4 c6 7. Qc2 O-O 8. Ne5 Nbd7 9. Nd3 Qe7 10. Bf4 Ne4 11. Bxd6 Qxd6 12. cxd5 exd5 13. Rc1 Rf6 14. Nd2 Rh6 15. Nf3 Ndf6 16. b4 Bd7 17. Rab1 Rf8 18. e3 g5 19. Re1 Ng4 20. a4 f4 21. exf4 gxf4 22. h3 fxg3 23. hxg4 gxf2+ 24. Nxf2 Rxf3 25. Rxe4 dxe4 26. Bxf3 exf3 27. Qb3+ Be6 28. Qxf3 Qh2+ 29. Kf1 Bc4+ 30. Ke1 Qg1+ 31. Kd2 Qxb1 32. Qf4 Qxb4+ 33. Kc1 Qd6 0-1

[Event "Hungarian Rapid-ch 2022"]
[Site "Ajka"]
[Date "2022.07.17"]
[Round "11.17"]
[White "Straubinger, Daniel"]
[Black "Szamoskozi, Gabor"]
[Result "0-1"]
[ECO "B10"]
[WhiteElo "2349"]
[BlackElo "2243"]
[Annotator "ChessBase"]
[PlyCount "110"]
[EventDate "2022.07.15"]
[EventType "swiss"]
[EventCountry "HUN"]
[SourceTitle "playchess.com"]
[Source "ChessBase"]
[SourceQuality "1"]
[TimeControl "900+10"]

1. e4 c6 2. Nc3 d5 3. Nf3 dxe4 4. Nxe4 Nf6 5. Qe2 Nxe4 6. Qxe4 Nd7 7. Bc4 Nf6 8. Ne5 e6 9. Qe2 b5 10. Bb3 Qc7 11. d4 Bd6 12. O-O O-O 13. c3 Bb7 14. Re1 a6 15. Bc2 c5 16. dxc5 Qxc5 17. Bf4 Rad8 18. Rad1 Bd5 19. a3 a5 20. Bg3 b4 21. axb4 axb4 22. Nd3 Qb6 23. Bxd6 Rxd6 24. Nxb4 Bb7 25. Rxd6 Qxd6 26. Rd1 Qf4 27. f3 h5 28. Qd2 Qc7 29. Qd6 Qc4 30. Qd4 Qe2 31. h4 Ng4 32. Qd2 Bxf3 33. Qxe2 Bxe2 34. Rd2 Bb5 35. Bd1 Ra8 36. Bxg4 hxg4 37. Kf2 f5 38. Nc2 Kf7 39. g3 Kf6 40. Nd4 Bc4 41. b3 Bd5 42. c4 Be4 43. Nb5 Rb8 44. Ke3 g5 45. hxg5+ Kxg5 46. Rb2 e5 47. Nd6 Bf3 48. b4 f4+ 49. Kf2 e4 50. Ra2 e3+ 51. Kg1 Rxb4 52. Ra5+ Kg6 53. Rb5 e2 54. Kf2 fxg3+ 55. Ke1 Rxb5 0-1

[Event "Hungarian Rapid-ch 2022"]
[Site "Ajka"]
[Date "2022.07.17"]
[Round "11.18"]
[White "Mihok-Juhasz, Barbara"]
[Black "Lakos, Nikoletta"]
[Result "0-1"]
[ECO "C41"]
[WhiteElo "2221"]
[BlackElo "2203"]
[Annotator "ChessBase"]
[PlyCount "98"]
[EventDate "2022.07.15"]
[EventType "swiss"]
[EventCountry "HUN"]
[SourceTitle "playchess.com"]
[Source "ChessBase"]
[SourceQuality "1"]
[TimeControl "900+10"]

1. e4 d6 2. d4 Nf6 3. Nc3 e5 4. Nf3 Nbd7 5. Rg1 exd4 6. Qxd4 Nc5 7. Bc4 Ne6 8. Bxe6 Bxe6 9. Bf4 Be7 10. O-O-O a6 11. Kb1 O-O 12. h3 b5 13. g4 c5 14. Qe3 b4 15. Nd5 Bxd5 16. exd5 Nd7 17. g5 Re8 18. Qd3 Nb6 19. h4 Qd7 20. h5 Qb5 21. Qf5 Qd7 22. Nh4 Bf8 23. g6 hxg6 24. hxg6 Qxf5 25. Nxf5 Rad8 26. gxf7+ Kxf7 27. Ne3 Re4 28. Bg5 Rde8 29. b3 g6 30. Rg3 Bg7 31. Rf3+ Kg8 32. a3 a5 33. Rf4 bxa3 34. Ka2 a4 35. Rg1 axb3+ 36. cxb3 Rd4 37. Rxd4 cxd4 38. Nc4 Nxd5 39. Bd2 Re2 40. Rxg6 Nc3+ 41. Ka1 Rxf2 42. Rg1 d5 43. Bxc3 dxc3 44. Nxa3 c2+ 45. Rxg7+ Kxg7 46. Kb2 d4 47. b4 d3 48. b5 Rf1 49. b6 c1=Q+ 0-1

[Event "Hungarian Rapid-ch 2022"]
[Site "Ajka"]
[Date "2022.07.17"]
[Round "11.19"]
[White "Egresi, Mate"]
[Black "Boguszlavszkij, Jevgenyij"]
[Result "1/2-1/2"]
[ECO "D37"]
[WhiteElo "2376"]
[BlackElo "1914"]
[Annotator "ChessBase"]
[PlyCount "99"]
[EventDate "2022.07.15"]
[EventType "swiss"]
[EventCountry "HUN"]
[SourceTitle "playchess.com"]
[Source "ChessBase"]
[SourceQuality "1"]
[TimeControl "900+10"]

1. d4 Nf6 2. c4 e6 3. Nf3 d5 4. Nc3 Nbd7 5. Bf4 c6 6. e3 Be7 7. h3 O-O 8. Qc2 a6 9. cxd5 exd5 10. Bd3 Re8 11. O-O Nf8 12. Rab1 Ng6 13. Bh2 Nh5 14. b4 Bd6 15. Bxd6 Qxd6 16. Rfe1 Qf6 17. Qd1 Nh4 18. Nxh4 Qxh4 19. Qf3 Qg5 20. a4 Re6 21. e4 Rf6 22. exd5 Bd7 23. Qe4 g6 24. h4 Qf4 25. Qxf4 Nxf4 26. Be4 Rd8 27. Re3 Rd6 28. Bf3 cxd5 29. a5 Bf5 30. Rbe1 Nd3 31. Re8+ Kg7 32. Rxd8 Rxd8 33. Re7 Nxb4 34. Rxb7 Rc8 35. Nxd5 Rc1+ 36. Kh2 Nd3 37. Ne3 Nxf2 38. Nxf5+ gxf5 39. Rb6 f4 40. g3 fxg3+ 41. Kxg3 Nd3 42. Rxa6 Rc3 43. Kg4 Nf2+ 44. Kf4 Nd3+ 45. Kg4 Nf2+ 46. Kf4 Nd3+ 47. Ke4 Nf2+ 48. Kf4 Nd3+ 49. Ke4 Nf2+ 50. Kf4 1/2-1/2

[Event "Hungarian Rapid-ch 2022"]
[Site "Ajka"]
[Date "2022.07.17"]
[Round "11.20"]
[White "Tancsa, Tamas"]
[Black "Bodi, Tibor"]
[Result "1-0"]
[ECO "B12"]
[WhiteElo "2103"]
[BlackElo "2301"]
[Annotator "ChessBase"]
[PlyCount "77"]
[EventDate "2022.07.15"]
[EventType "swiss"]
[EventCountry "HUN"]
[SourceTitle "playchess.com"]
[Source "ChessBase"]
[SourceQuality "1"]
[TimeControl "900+10"]

1. e4 c6 2. d4 g6 3. f4 d5 4. e5 h5 5. Nf3 Nh6 6. Be3 Bg4 7. h3 Nf5 8. Bf2 Bxf3 9. Qxf3 h4 10. Bd3 e6 11. O-O Qb6 12. Bxf5 gxf5 13. Qb3 Qc7 14. c4 dxc4 15. Qxc4 Nd7 16. Nc3 Nb6 17. Qb3 Be7 18. Rac1 Qd7 19. a4 Rg8 20. a5 Nc8 21. Rfd1 a6 22. d5 exd5 23. Nxd5 cxd5 24. Rxd5 Qe6 25. Qxb7 Rb8 26. Qxb8 Qxd5 27. Qxc8+ Bd8 28. Qc6+ Qxc6 29. Rxc6 Rg6 30. Rxg6 fxg6 31. Bb6 Be7 32. Kf2 Kd7 33. Ke3 Kc6 34. Kd4 Bb4 35. Kd3 Kd5 36. Bf2 Be7 37. Be1 Bd8 38. b4 Bc7 39. Bxh4 1-0

[Event "Hungarian Rapid-ch 2022"]
[Site "Ajka"]
[Date "2022.07.17"]
[Round "11.21"]
[White "Martini, Balazs"]
[Black "Gombocz, Ferenc Jr."]
[Result "1/2-1/2"]
[ECO "D00"]
[WhiteElo "2348"]
[BlackElo "2229"]
[Annotator "ChessBase"]
[PlyCount "74"]
[EventDate "2022.07.15"]
[EventType "swiss"]
[EventCountry "HUN"]
[SourceTitle "playchess.com"]
[Source "ChessBase"]
[SourceQuality "1"]
[TimeControl "900+10"]

1. d4 d5 2. Bf4 Nf6 3. e3 c5 4. c3 Nc6 5. Nd2 Bf5 6. Qb3 Qd7 7. Ngf3 c4 8. Qd1 e6 9. Be2 Be7 10. O-O O-O 11. Ne5 Qc8 12. Bf3 b5 13. Nxc6 Qxc6 14. Bg5 Rfe8 15. Bxf6 Bxf6 16. Re1 Bg5 17. e4 Bxd2 18. exd5 exd5 19. Qxd2 Be4 20. Bxe4 dxe4 21. Qf4 Qd5 22. Re3 Re6 23. Rae1 Rae8 24. f3 g5 25. Qg3 exf3 26. Rxe6 Rxe6 27. Rxe6 fxe6 28. gxf3 Qf5 29. Kg2 Qc2+ 30. Kh3 h6 31. Qb8+ Kg7 32. Qxb5 Qf2 33. Qe5+ Kf7 34. Qe4 Qf1+ 35. Kg3 Qg1+ 36. Kh3 Qf1+ 37. Kg3 Qg1+ 1/2-1/2

[Event "Hungarian Rapid-ch 2022"]
[Site "Ajka"]
[Date "2022.07.17"]
[Round "11.22"]
[White "Kiss, Pal"]
[Black "Mozes, Ervin"]
[Result "1/2-1/2"]
[ECO "A53"]
[WhiteElo "2243"]
[BlackElo "2039"]
[Annotator "ChessBase"]
[PlyCount "54"]
[EventDate "2022.07.15"]
[EventType "swiss"]
[EventCountry "HUN"]
[SourceTitle "playchess.com"]
[Source "ChessBase"]
[SourceQuality "1"]
[TimeControl "900+10"]

1. d4 Nf6 2. c4 d6 3. Nf3 c6 4. Nc3 Bf5 5. Nh4 Bd7 6. e4 e5 7. Nf3 Bg4 8. Be2 Nbd7 9. O-O Be7 10. Be3 O-O 11. d5 h6 12. Nd2 Bxe2 13. Qxe2 Nh7 14. dxc6 bxc6 15. b4 a6 16. a4 Bg5 17. b5 Bxe3 18. Qxe3 Qc7 19. bxc6 Qxc6 20. Nd5 Rfe8 21. Rfb1 Nhf6 22. f3 Kf8 23. Rb4 Nxd5 24. cxd5 Qc5 25. Qxc5 Nxc5 26. Rb6 Ke7 27. Nc4 Rab8 1/2-1/2

[Event "Hungarian Rapid-ch 2022"]
[Site "Ajka"]
[Date "2022.07.17"]
[Round "11.23"]
[White "Juhasz, Zoltan"]
[Black "Udvardi, Zalan"]
[Result "1/2-1/2"]
[ECO "B24"]
[WhiteElo "1985"]
[BlackElo "2310"]
[Annotator "ChessBase"]
[PlyCount "130"]
[EventDate "2022.07.15"]
[EventType "swiss"]
[EventCountry "HUN"]
[SourceTitle "playchess.com"]
[Source "ChessBase"]
[SourceQuality "1"]
[TimeControl "900+10"]

1. e4 c5 2. Nc3 Nc6 3. g3 g6 4. d3 Bg7 5. Be3 d6 6. Qd2 e5 7. Bg2 Be6 8. Nge2 Nd4 9. O-O Bh3 10. f4 Bxg2 11. Kxg2 Ne7 12. fxe5 dxe5 13. Rf2 O-O 14. Raf1 Qd6 15. Ng1 Ne6 16. Bh6 f5 17. Bxg7 Kxg7 18. Nh3 h6 19. Re2 Rf7 20. Qe3 f4 21. gxf4 exf4 22. e5 Qc6+ 23. Qe4 f3+ 24. Rxf3 Rxf3 25. Qxc6 Nxc6 26. Kxf3 Ned4+ 27. Ke4 Nxe2 28. Nxe2 Re8 29. c3 Rxe5+ 30. Kf3 g5 31. Nf2 Kg6 32. d4 cxd4 33. cxd4 Ra5 34. a3 Rb5 35. Nd3 Kf5 36. Ng3+ Ke6 37. Ke4 b6 38. Ne2 Rd5 39. Nf2 Kd6 40. Ng4 Rb5 41. b4 Nxb4 42. Nc3 Ra5 43. axb4 Ra1 44. Nxh6 Rf1 45. Nb5+ Ke6 46. d5+ Kd7 47. Nxa7 Rf4+ 48. Ke5 Rh4 49. Nf7 g4 50. Nc6 Rxh2 51. Kf5 g3 52. Nce5+ Kc8 53. d6 Rd2 54. d7+ Rxd7 55. Nxd7 g2 56. Nxb6+ Kb7 57. Nc4 g1=Q 58. Nfd6+ Kc6 59. b5+ Kd5 60. b6 Qf2+ 61. Kg4 Kc6 62. b7 Kc7 63. Kg5 Qf3 64. Kg6 Qxb7 65. Nxb7 Kxb7 1/2-1/2

[Event "Hungarian Rapid-ch 2022"]
[Site "Ajka"]
[Date "2022.07.17"]
[Round "11.24"]
[White "Gyenes, Mate"]
[Black "Nemeth, Zoltan"]
[Result "1/2-1/2"]
[ECO "B01"]
[WhiteElo "2048"]
[BlackElo "2242"]
[Annotator "ChessBase"]
[PlyCount "154"]
[EventDate "2022.07.15"]
[EventType "swiss"]
[EventCountry "HUN"]
[SourceTitle "playchess.com"]
[Source "ChessBase"]
[SourceQuality "1"]
[TimeControl "900+10"]

1. e4 d5 2. exd5 Qxd5 3. Nc3 Qd8 4. Nf3 Nf6 5. Bc4 c6 6. O-O Bf5 7. Re1 e6 8. d3 Be7 9. Bf4 Nbd7 10. a4 Nb6 11. Bb3 Nbd5 12. Nxd5 Nxd5 13. Be5 O-O 14. h3 Bg6 15. c3 Bf6 16. Bxd5 Qxd5 17. Bxf6 gxf6 18. d4 Bh5 19. Re3 Kh8 20. Qd3 Rg8 21. Kf1 Rg7 22. g3 Rag8 23. c4 Qd6 24. d5 Bxf3 25. Rxf3 exd5 26. cxd5 Rg5 27. dxc6 Qxc6 28. Qc3 Qa6+ 29. Kg2 Re5 30. b3 Kg7 31. Qd4 Rge8 32. Rc1 Re4 33. Qd3 Qe6 34. Rc5 Re5 35. Rc4 Re4 36. Rc5 Re5 37. Rc4 Re4 38. Rc5 Re5 39. Qd4 Rxc5 40. Qxc5 b6 41. Qb4 Qe4 42. Qc3 Re5 43. Qd3 Qc6 44. Qd4 h5 45. h4 Rf5 46. Qd3 Re5 47. Qc3 Qd5 48. Qd3 Qxd3 49. Rxd3 Re4 50. Rd7 a5 51. Rd5 Rb4 52. Rd3 f5 53. Kf3 Kg6 54. Rc3 f4 55. Rd3 fxg3 56. fxg3 f6 57. Ke3 Kf5 58. Rd5+ Kg4 59. Kf2 Rxb3 60. Rd4+ Kh3 61. Rd5 Rxg3 62. Rxh5 Rg4 63. Rh6 Rf4+ 64. Ke3 Rxh4 65. Rxf6 Rb4 66. Kf3 Rb3+ 67. Ke4 Kg3 68. Kd5 Rb4 69. Kc6 Kg4 70. Rf7 Rxa4 71. Kxb6 Ra1 72. Ra7 a4 73. Kb5 a3 74. Kb4 Rb1+ 75. Kc3 Rg1 76. Ra4+ Kf5 77. Rxa3 Rg3+ 1/2-1/2

[Event "Hungarian Rapid-ch 2022"]
[Site "Ajka"]
[Date "2022.07.17"]
[Round "11.25"]
[White "Szalanczi, Emil"]
[Black "Nemeth, Zalan"]
[Result "0-1"]
[ECO "B47"]
[WhiteElo "2042"]
[BlackElo "2194"]
[Annotator "ChessBase"]
[PlyCount "116"]
[EventDate "2022.07.15"]
[EventType "swiss"]
[EventCountry "HUN"]
[SourceTitle "playchess.com"]
[Source "ChessBase"]
[SourceQuality "1"]
[TimeControl "900+10"]

1. e4 c5 2. Nf3 Nc6 3. Nc3 e6 4. d4 cxd4 5. Nxd4 Qc7 6. Qd3 a6 7. Be2 Nf6 8. Nxc6 dxc6 9. Qg3 e5 10. O-O Be7 11. Kh1 O-O 12. a4 Kh8 13. Be3 Bb4 14. Qh4 Be6 15. Bd3 Be7 16. Bg5 h6 17. f4 exf4 18. e5 Qxe5 19. Bxf4 Qh5 20. Qe1 Rae8 21. Ne4 Bd5 22. Ng3 Qh3 23. Ne4 Nxe4 24. Bxe4 Qe6 25. Bxd5 Qxd5 26. Rd1 Qh5 27. Qf2 Bh4 28. Qb6 Re2 29. Qb4 Rfe8 30. Qxb7 Rxc2 31. Qb3 Qg6 32. Qf3 Ree2 33. Rg1 Rf2 34. Qh3 Rxf4 35. Qc8+ Kh7 36. Qd7 Rff2 37. Qh3 Bf6 38. b4 Be5 39. Qd3 Qxd3 40. Rxd3 Rc4 41. Rb3 Bd6 42. Rgb1 Rff4 43. g3 Rfd4 44. b5 cxb5 45. axb5 axb5 46. Rxb5 Rb4 47. R1xb4 Rxb4 48. Rd5 Rb6 49. Kg2 Kg6 50. h4 Kf6 51. h5 Ke6 52. Rd3 Rb5 53. g4 Rg5 54. Kf3 f5 55. gxf5+ Rxf5+ 56. Kg4 Rg5+ 57. Kh4 Be7 58. Re3+ Re5+ 0-1

[Event "Hungarian Rapid-ch 2022"]
[Site "Ajka"]
[Date "2022.07.17"]
[Round "11.26"]
[White "Molnar, Aurel Jr."]
[Black "Miszler, Levente"]
[Result "0-1"]
[ECO "C11"]
[WhiteElo "2014"]
[BlackElo "2243"]
[Annotator "ChessBase"]
[PlyCount "72"]
[EventDate "2022.07.15"]
[EventType "swiss"]
[EventCountry "HUN"]
[SourceTitle "playchess.com"]
[Source "ChessBase"]
[SourceQuality "1"]
[TimeControl "900+10"]

1. e4 e6 2. d4 d5 3. Nc3 Nf6 4. Bd3 c5 5. exd5 exd5 6. Nf3 Nc6 7. dxc5 Bxc5 8. O-O O-O 9. h3 h6 10. Bf4 Be6 11. Ne2 Ne4 12. c3 Qb6 13. Qb3 Bxf2+ 14. Kh1 Be3 15. Qxb6 Bxb6 16. Nfd4 Rfe8 17. Rae1 Bd7 18. Kh2 Nc5 19. Bc2 Ne6 20. Nxe6 Bxe6 21. Bg3 g5 22. Rf6 Kg7 23. Ref1 Bd8 24. R6f2 Bb6 25. Nd4 Nxd4 26. Be5+ Kg8 27. cxd4 Rac8 28. Ba4 Re7 29. Rf6 Bc7 30. Rxh6 Bxe5+ 31. dxe5 Rc4 32. Bb3 Re4 33. h4 gxh4 34. Rh5 Kg7 35. Rf6 Rxe5 36. Rxf7+ Bxf7 0-1